 Dungeon Crawl Stone Soup version 0.27-a0-1123-g2f9bb313c0 (webtiles) character file.

Game seed: 13262072869897881710

6 tsouns the Caller (level 1, 0/13 HPs)
             Began as a Demonspawn Summoner on May 3, 2021.
             Slain by a giant cockroach (1 damage)
             ... on level 1 of the Dungeon.
             The game lasted 00:00:55 (669 turns).

tsouns the Caller (Demonspawn Summoner)              Turns: 669, Time: 00:00:56

Health: 0/13       AC:  2    Str:  8    XL:     1   Next: 75%
Magic:  1/3        EV: 12    Int: 16    God:
Gold:   28         SH:  0    Dex: 13    Spells: 3/4 levels left

rFire    . . .     SeeInvis .   (no weapon)
rCold    . . .     Faith    .   (no shield)
rNeg     . . .     Spirit   .   a - +0 robe
rPois    .         Reflect  .   (no helmet)
rElec    .         Harm     .   (no cloak)
rCorr    .         Rampage  .   (no gloves)
Will     .....                  (no boots)
Stlth    ++........             (no amulet)
HPRegen  0.04/turn              (no ring)
MPRegen  0.08/turn              (no ring)

@: no status effects
A: no striking features
a: no special abilities


You were on level 1 of the Dungeon.
You visited 1 branch of the dungeon, and saw 1 of its levels.

You collected 28 gold pieces.

Inventory:

Armour
 a - a +0 robe (worn)
Scrolls
 b - a scroll of identify {unknown}
 d - a scroll of fear {unknown}
Potions
 c - a potion of haste {unknown}
 e - a potion of lignification {unknown}


   Skills:
 - Level 1.7 Dodging
 - Level 1.7 Stealth
 + Level 2.2 Spellcasting
 + Level 4.1 Summonings


You had 3 spell levels left.
You knew the following spells:

 Your Spells              Type           Power      Damage    Failure   Level
a - Summon Small Mammal   Summ           60%        N/A       3%          1

Your spell library contained the following spells:

 Spells                   Type           Power      Damage    Failure   Level
 Call Imp                 Summ           15%        N/A       5%          2
 Call Canine Familiar     Summ           15%        N/A       11%         3
 Summon Guardian Golem    Hex/Summ       8%         N/A       26%         3
 Summon Ice Beast         Ice/Summ       8%         N/A       65%         4
 Summon Lightning Spire   Summ/Air       8%         N/A       65%         4


Dungeon Overview and Level Annotations

Branches:
Dungeon (1/15)

Altars:


Message History

Your bat barely misses the giant cockroach.
Casting: Summon Small Mammal (safe; 3% risk of failure)
Confirm with . or Enter, or press ? or * to list all spells.
The goblin misses your bat.
Your bat closely misses the giant cockroach.
The giant cockroach completely misses you.
Unknown command.
Your bat hits the giant cockroach but does no damage.
Your rat closely misses the giant cockroach.
A rat comes into view.
Your bat hits the giant cockroach. The goblin barely misses your bat.
The giant cockroach barely misses your bat.
Your rat barely misses the giant cockroach.
Your bat closely misses the giant cockroach.
The giant cockroach bites your rat.
The giant cockroach barely misses your rat.
Your rat bites the giant cockroach but does no damage.
Your bat hits the goblin. The goblin barely misses you.
The giant cockroach barely misses your rat.
Your rat bites the giant cockroach but does no damage.
You closely miss the giant cockroach.
The giant cockroach is severely wounded.
Your bat closely misses the goblin.
The goblin closely misses you.
The giant cockroach bites you but does no damage.
Your rat bites the giant cockroach.
You hit the giant cockroach but do no damage.
The giant cockroach is almost dead.
The goblin hits you with a +0 dagger.
* * * LOW HITPOINT WARNING * * *
The giant cockroach barely misses you.
Your bat closely misses the goblin.
Your rat closely misses the giant cockroach.
You hit the giant cockroach but do no damage.
The giant cockroach is almost dead.
Your bat hits the goblin. The goblin misses you.
The giant cockroach closely misses you.
Your rat barely misses the giant cockroach.
You hit the giant cockroach but do no damage.
The giant cockroach is almost dead.
Your bat barely misses the goblin.
The giant cockroach bites you.
You die...

......#########........
..#....................
..#..#######.......##.> .
..#..#................#.#
..#..#...................
..#..#.#####.......##....
..#..#........#.b........
...............gr........
.##..######....B@........
..#.......#.###########.#
..#...#..........#
..#...#..##.####.#
..#...#. .#.# #.#
..#...##..#.# #.#
..#.......#.# #.#
..#..###..#.# #.#
............# #.#


You could see a giant cockroach (ally target), a goblin, a friendly bat
(summoned) and a friendly rat (summoned).

Vanquished Creatures
  A ball python (D:1)
  An endoplasm (D:1)
  A quokka (D:1)
  A bat (D:1)
  A rat (D:1)
5 creatures vanquished.

Vanquished Creatures (collateral kills)
  A giant cockroach (D:1)
1 creature vanquished.

Grand Total: 6 creatures vanquished

Notes
Turn   | Place    | Note
-------+----------+-------------------------------------------
     0 | D:1      | tsouns the Demonspawn Summoner began the quest for the Orb.
     0 | D:1      | Reached XP level 1. HP: 13/13 MP: 3/3
   669 | D:1      | Slain by a giant cockroach

Illustrated notes

Levels and vault maps discovered:
D:1:      matt_arrival_diagonals, layout_basic

Action                   || total
-------------------------++-------
Melee: Unarmed           ||    42
 Cast: Summon Small Mamm ||     9
 Stab: Sleeping          ||     2
       Distracted        ||     1
Armor: Robe              ||     8
Dodge: Dodged            ||    38

Table legend: (Time is in decaauts)
 A = Elapsed time spent in this place.
 B = Non-inter-level travel time spent in this place.
 C = Inter-level travel time spent in this place.
 D = Time resting spent in this place.
 E = Time spent auto-exploring this place.
 F = Levels seen in this place.
 G = Mean time per level.
                   A        B        C        D        E       F      G
               +--------+--------+--------+--------+--------+-----+--------+
         Total |    669 |    669 |      0 |      0 |    558 |   1 |  669.0 |
       Dungeon |    669 |    669 |      0 |      0 |    558 |   1 |  669.0 |
               +--------+--------+--------+--------+--------+-----+--------+

Top non-repeatable levels by time:
     D:1: 669 daAuts
